Map: Triton LE

Players

EdibleAnimal - Winner!

  • Race: Zerg Zerg
  • League: Platinum
  • Spawn Location: 5:00

pHARM

  • Race: Zerg Zerg
  • League: Platinum
  • Spawn Location: 11:00

VOD

Have the link to the VOD?

Description

Time

  • Played on: Aug. 30, 2019, 11:12 p.m.
  • Length: 4:00
Show
View Real Time Build Order
Export as new Build Order

EdibleAnimal Zerg - Winner!

Build Orders: Hatch First 

Get SALT Encoding   

  12  0:03  Drone  
  13  0:09  Drone  
  14  0:14  Extractor  
  14  0:16  Drone  
  15  0:40  Hatchery  
  14  0:44  Extractor  
  14  0:47  Drone  
  14  1:01  Spawning Pool  
  13  1:05  Drone  
  14  1:16  Overlord  
  14  1:48  Metabolic Boost  
  14  1:51  Queen  
  14  1:53  Zergling x6  
  19  1:58  Zergling x2  
  20  2:04  Zergling x2  
  20  2:08  Zergling x2  
  22  2:18  Zergling x4  
  24  2:35  Zergling x2  
  24  2:36  Zergling x4  
  27  2:43  Overlord  
  27  2:55  Zergling x2  
  28  3:09  Zergling x4  
  28  3:10  Zergling x10  
  35  3:21  Zergling x2  
  35  3:24  Overlord  
  36  3:31  Overlord  
Show
View Real Time Build Order
Export as new Build Order

pHARM Zerg 

Build Orders: Hatch First 

Get SALT Encoding   

  12  0:01  Drone  
  13  0:14  Overlord  
  13  0:24  Drone  
  14  0:32  Drone x2  
  16  0:54  Hatchery  
  15  0:59  Drone x2  
  17  1:05  Drone  
  18  1:19  Spawning Pool  
  18  1:21  Drone  
  18  1:23  Drone  
  19  1:44  Drone x2  
  21  1:47  Extractor  
  21  1:53  Overlord  
  20  2:07  Queen x2  
  24  2:09  Drone x2  
  24  2:15  Drone  
  27  2:20  Drone  
  28  2:32  Drone x2  
  30  2:40  Drone x2  
  32  2:45  Queen  
  32  2:47  Lair  
  34  2:52  Drone x2  
  36  3:00  Overlord x2  
  36  3:27  Evolution Chamber  
  36  3:29  Roach Warren  
  36  3:31  Evolution Chamber, Spine Crawler  
  32  3:39  Zergling x16  
Tags
 
Matchup
ZvZ
Race
Zerg
Replay Pack
10.7.19
Spawn Locations
Cross Positions
Add a new tag
Caveats
  • Supply blocks, unpowered buildings, or Contaminate may cause inaccurate times.
  • Supply counts are checked every 10 seconds.